 Dungeon Crawl Stone Soup version 0.28.0-53-g5a82cb258f (webtiles) character file.

Game seed: 8199417680128130147

13 jamesblauser the Caller (level 2, 0/11 HPs)
             Began as a Felid Summoner on Nov 5, 2022.
             Frozen to death by an endoplasm (5 damage)
             ... on level 1 of the Dungeon.
             The game lasted 00:04:08 (453 turns).

jamesblauser the Caller (Felid Summoner)             Turns: 453, Time: 00:04:08

Health: 0/11       AC:  1    Str:  4    XL:     2   Next: 24%
Magic:  1/6        EV: 17    Int: 16    God:
Gold:   18         SH:  0    Dex: 16    Spells: 4/5 levels left
                                        Lives:  0   Deaths: 0

rFire   . . .      SeeInvis +   (weapon unavailable)
rCold   . . .      Faith    .   (shield unavailable)
rNeg    . . .      Spirit   .   (armour unavailable)
rPois   .          Reflect  .   (helmet unavailable)
rElec   .          Harm     .   (cloak unavailable)
rCorr   .          Rampage  .   (gloves unavailable)
Will    .....                   (boots unavailable)
Stlth   ++........              (no amulet)
HPRegen 0.03/turn               (no ring)
MPRegen 0.10/turn               (no ring)

@: quick
A: very small, claws 1, fangs 3, see invisible, speed 1, shaggy fur 1, stealthy
paws, no weapons or thrown items, no armour, multi-lived
a: no special abilities


You were on level 1 of the Dungeon.
You visited 1 branch of the dungeon, and saw 1 of its levels.

You collected 18 gold pieces.

You aren't carrying anything.


   Skills:
 + Level 2.7 Dodging
 + Level 2.7 Stealth
 + Level 2.2 Spellcasting
 + Level 4.3 Summonings


You had 4 spell levels left.
You knew the following spells:

 Your Spells              Type           Power      Damage    Failure   Level
a - Summon Small Mammal   Summ           60%        N/A       3%          1

Your spell library contained the following spells:

 Spells                   Type           Power      Damage    Failure   Level
 Call Imp                 Summ           15%        N/A       4%          2
 Call Canine Familiar     Summ           15%        N/A       10%         3
 Summon Guardian Golem    Hex/Summ       8%         N/A       24%         3
 Summon Lightning Spire   Summ/Air       8%         N/A       63%         4


Dungeon Overview and Level Annotations

Branches:
Dungeon (1/15)

Altars:


Innate Abilities, Weirdness & Mutations

You have sharp claws.
You have razor-sharp teeth.
You have supernaturally acute eyesight. (SInv)
You cover ground quickly. (Speed+)
You are covered in fur. (AC +1)
Your paws help you pounce on unaware monsters.
You are incapable of wielding weapons or throwing items.
You cannot wear armour.
You gain extra lives every three experience levels.


Message History

Casting: Summon Small Mammal (safe; 3% risk of failure)
Press: ? - help, Q - select action Dir - look around, f - activate Your rat disappears in a puff of smoke!
Casting: Summon Small Mammal (safe; 3% risk of failure)
Press: ? - help, Q - select action Dir - look around, f - activate Your quokka disappears in a puff of smoke!
Casting: Summon Small Mammal (safe; 3% risk of failure)
Press: ? - help, Q - select action Dir - look around, f - activate Your quokka disappears in a puff of smoke!
Your bat hits the goblin.
The goblin shouts!
Casting: Summon Small Mammal (safe; 3% risk of failure)
Press: ? - help, Q - select action Dir - look around, f - activate Your bat disappears in a puff of smoke!
Your quokka closely misses the goblin.
An endoplasm comes into view.
Your quokka closely misses the goblin.
The goblin barely misses you.
Your quokka closely misses the goblin.
Your quokka bites the goblin.
You scratch the goblin.
The goblin is almost dead.
The goblin hits you with a +0 club.
Your quokka misses the goblin. You barely miss the goblin.
The goblin is almost dead.
Your quokka barely misses the goblin. x2; The goblin completely misses you.
Your quokka bites the goblin.
The goblin dies!
Your quokka bites the endoplasm.
You see here a +0 club.
Casting: Summon Small Mammal (safe; 3% risk of failure)
Press: ? - help, Q - select action Dir - look around, f - activate
Okay, then.
Welcome back, jamesblauser the Felid Summoner.
Press ? for a list of commands and other information.
The endoplasm completely misses your quokka.
Your quokka bites the endoplasm.
You swap places.
The endoplasm freezes you.
You are frozen.
You die...

# #. #.######## #........#
#........# #...J....#
#....@r..# # #....r)..#
###.##......(.# ######
........#.#### ######....#
.#.##.#.#.######.........#
#............##.........#
#..#..##.###.##.........#
.....#...†.....##.........#
.... #.######..##.........#


You could see an endoplasm (ally target) and 2 friendly quokkas.

Vanquished Creatures
  A dart slug (D:1)
  2 endoplasms (D:1)
  A hobgoblin (D:1)
  A frilled lizard (D:1)
5 creatures vanquished.

Vanquished Creatures (collateral kills)
  A giant cockroach (D:1)
  A goblin (D:1)
  2 jackals (D:1)
4 creatures vanquished.

Grand Total: 9 creatures vanquished

Notes
Turn   | Place    | Note
-------+----------+-------------------------------------------
     0 | D:1      | jamesblauser the Felid Summoner began the quest for the
                  | Orb.
     0 | D:1      | Reached XP level 1. HP: 7/7 MP: 4/4
   267 | D:1      | Reached XP level 2. HP: 8/11 MP: 3/6
   453 | D:1      | Frozen to death by an endoplasm

Illustrated notes

Levels and vault maps discovered:
D:1:      lightli_arrival_noodles, layout_basic

Action                   || total
-------------------------++-------
Melee: Unarmed           ||    18
       Bite              ||     4
       Punch             ||     1
 Cast: Summon Small Mamm ||    15
Armor: Skin              ||     2
Dodge: Dodged            ||    19
